| TOP OF THE 1ST |
|
Brockton Rox batting - Pitching for Chester Pirates : RHP Andy Pemberton
|
|
Pitching: RHP Andy Pemberton
|
|
|
Batting: LHB Darby Starburster
|
0-0: Ground out 4-3 (Groundball, 4, EV 98.8 MPH)
|
|
Batting: RHB Ryan Davis
|
0-0: Ball 1-0: Ball 2-0: Ball 3-0: Base on Balls
|
|
Batting: LHB Eric Gaugler
|
0-0: Ball 1-0: Called Strike 1-1: Ball 2-1: Ball 3-1: Called Strike 3-2: Base on Balls Ryan Davis to second
|
|
Batting: RHB Bob Reichley
|
0-0: Called Strike 0-1: Fly out, F7 (Flyball, 7D, EV 75.6 MPH) Runner from 2nd tags up, SAFE at 3rd, no throw by LF
|
|
Batting: RHB Jose Blocker
|
0-0: Called Strike 0-1: Called Strike 0-2: Ball 1-2: Ball 2-2: Strikes out swinging
|
| Top of the 1st over - 0 runs, 0 hits, 0 errors, 2 left on base; Brockton 0 - Chester 0 |
| BOTTOM OF THE 1ST |
|
Chester Pirates batting - Pitching for Brockton Rox : RHP Nate Rollyson
|
|
Pitching: RHP Nate Rollyson
|
|
|
Batting: RHB Mike Weeks
|
0-0: Swinging Strike 0-1: Ball 1-1: Ball 2-1: Foul Ball, location: 2F 2-2: Ball 3-2: Foul Ball, location: 2F 3-2: Fly out, F7 (Flyball, 7LM, EV 88.1 MPH)
|
|
Batting: RHB Edwardo Tanchez
|
0-0: Called Strike 0-1: Called Strike 0-2: Ball 1-2: Ball 2-2: Strikes out looking
|
|
Batting: RHB Zach Chmieleski
|
0-0: Called Strike 0-1: Swinging Strike 0-2: Strikes out looking
|
| Bottom of the 1st over - 0 runs, 0 hits, 0 errors, 0 left on base; Brockton 0 - Chester 0 |
| TOP OF THE 2ND |
|
Brockton Rox batting - Pitching for Chester Pirates : RHP Andy Pemberton
|
|
Batting: LHB Kenny Jackson
|
0-0: Fly out, F7 (Line Drive, 78M, EV 86.9 MPH)
|
|
Batting: SHB Mel Gonzalez
|
0-0: Foul Ball, location: 2F 0-1: Ball 1-1: Ball 2-1: SINGLE (Groundball, 6MD, EV 107.5 MPH)
|
|
Batting: RHB Joe Lewis
|
0-0: Ball 1-0: Ball 2-0: Foul Ball, location: 2F 2-1: Ball 3-1: Called Strike 3-2: Fly out, F8 (Flyball, 89M, EV 88.8 MPH)
|
|
Batting: LHB Alexis Toxqui
|
0-0: Swinging Strike 0-1: Foul Ball, location: 2F 0-2: Ball 1-2: Strikes out swinging
|
| Top of the 2nd over - 0 runs, 1 hit, 0 errors, 1 left on base; Brockton 0 - Chester 0 |
| BOTTOM OF THE 2ND |
|
Chester Pirates batting - Pitching for Brockton Rox : RHP Nate Rollyson
|
|
Batting: SHB Mike Corley
|
0-0: Foul Ball, location: 2F 0-1: Ground out 6-3 (Groundball, 4, EV 90.0 MPH)
|
|
Batting: SHB Nathan Clement
|
0-0: Ball 1-0: Ball 2-0: Ball 3-0: Called Strike 3-1: Foul Ball, location: 2F 3-2: DOUBLE (Groundball, 3L, EV 96.9 MPH)
|
|
Batting: RHB Ryan Thurston
|
0-0: Ball 1-0: Foul Ball, location: 2F 1-1: Foul Ball, location: 2F 1-2: Strikes out swinging
|
|
Batting: LHB Ernesto Gasca
|
0-0: Called Strike 0-1: Ball 1-1: Swinging Strike 1-2: Strikes out swinging
|
| Bottom of the 2nd over - 0 runs, 1 hit, 0 errors, 1 left on base; Brockton 0 - Chester 0 |
| TOP OF THE 3RD |
|
Brockton Rox batting - Pitching for Chester Pirates : RHP Andy Pemberton
|
|
Batting: LHB Darby Starburster
|
0-0: Ball 1-0: Ground out U3 (Groundball, 34S, EV 70.0 MPH)
|
|
Batting: RHB Ryan Davis
|
0-0: Ball 1-0: Foul Ball, location: 2F 1-1: Swinging Strike 1-2: Ball 2-2: Foul Ball, location: 2F 2-2: Foul Ball, location: 2F 2-2: Strikes out swinging, 2-3 out at first.
|
|
Batting: LHB Eric Gaugler
|
0-0: Ball 1-0: Ball 2-0: Foul Ball, location: 2F 2-1: Foul Ball, location: 2F 2-2: Ball 3-2: SINGLE (Groundball, 56D, EV 104.4 MPH)
|
|
Batting: RHB Bob Reichley
|
0-0: Ball Eric Gaugler steals 2nd base 1-0: Foul Ball, location: 2F 1-1: SINGLE (Groundball, 4, EV 94.4 MPH) Eric Gaugler to third Runner from 3rd tries for Home, throw by CF and OUT! 8-2
|
| Top of the 3rd over - 0 runs, 2 hits, 0 errors, 1 left on base; Brockton 0 - Chester 0 |
| BOTTOM OF THE 3RD |
|
Chester Pirates batting - Pitching for Brockton Rox : RHP Nate Rollyson
|
|
Batting: LHB Tommie Benefield
|
0-0: Reached on error, E4 (Groundball, 4, EV 90.6 MPH)
|
|
Batting: RHB Zachery Loomis
|
0-0: Foul Ball, location: 2F 0-1: Ball 1-1: Foul Ball, location: 2F 1-2: Foul Ball, location: 2F 1-2: Ball 2-2: Strikes out swinging
|
|
Batting: RHB Mike Weeks
|
0-0: Ball 1-0: Ball 2-0: Foul Ball, location: 2F 2-1: Foul Ball, location: 2F 2-2: SINGLE (Line Drive, 8LS, EV 86.2 MPH) Tommie Benefield to second
|
|
Batting: RHB Edwardo Tanchez
|
0-0: Ball 1-0: Ball 2-0: Ball 3-0: Called Strike 3-1: Called Strike 3-2: Foul Ball, location: 2F 3-2: 3-RUN HOME RUN (Flyball, 7D, EV 99.4 MPH) (Inside the Park)
|
|
Batting: RHB Zach Chmieleski
|
0-0: Called Strike 0-1: Foul Ball, location: 2F 0-2: Foul Ball, location: 2F 0-2: Ball 1-2: Ball 2-2: Ball 3-2: Fly out, F9 (Flyball, 9LD, EV 76.2 MPH)
|
|
Batting: SHB Mike Corley
|
0-0: Called Strike 0-1: Ball 1-1: Ball 2-1: Called Strike 2-2: Foul Ball, location: 2F 2-2: Ball 3-2: Foul Ball, location: 2F 3-2: Base on Balls
|
|
Batting: SHB Nathan Clement
|
0-0: SINGLE (Line Drive, 7S, EV 97.5 MPH) Mike Corley to second Runner from 2nd tries for 3rd, SAFE, no throw by LF
|
|
Batting: RHB Ryan Thurston
|
0-0: Fly out, F9 (Line Drive, 9S, EV 105.6 MPH)
|
| Bottom of the 3rd over - 3 runs, 3 hits, 1 error, 2 left on base; Brockton 0 - Chester 3 |
| TOP OF THE 4TH |
|
Brockton Rox batting - Pitching for Chester Pirates : RHP Andy Pemberton
|
|
Batting: RHB Jose Blocker
|
0-0: Fly out, F4 (Flyball, 4D, EV 85.6 MPH)
|
|
Batting: LHB Kenny Jackson
|
0-0: Fly out, F8 (Flyball, 8RS, EV 80.0 MPH)
|
|
Batting: SHB Mel Gonzalez
|
0-0: Foul Ball, location: 2F 0-1: Ball 1-1: Called Strike 1-2: Strikes out swinging
|
| Top of the 4th over - 0 runs, 0 hits, 0 errors, 0 left on base; Brockton 0 - Chester 3 |
| BOTTOM OF THE 4TH |
|
Chester Pirates batting - Pitching for Brockton Rox : RHP Nate Rollyson
|
|
Batting: LHB Ernesto Gasca
|
0-0: Ball 1-0: Called Strike 1-1: Swinging Strike 1-2: Foul Ball, location: 2F 1-2: Foul Ball, location: 2F 1-2: Strikes out swinging
|
|
Batting: LHB Tommie Benefield
|
0-0: Swinging Strike 0-1: Swinging Strike 0-2: Fly out, F7 (Flyball, 7LS, EV 82.5 MPH)
|
|
Batting: RHB Zachery Loomis
|
0-0: Ball 1-0: Ball 2-0: Called Strike 2-1: Called Strike 2-2: Ball 3-2: Strikes out swinging
|
| Bottom of the 4th over - 0 runs, 0 hits, 0 errors, 0 left on base; Brockton 0 - Chester 3 |
| TOP OF THE 5TH |
|
Brockton Rox batting - Pitching for Chester Pirates : RHP Andy Pemberton
|
|
Batting: RHB Joe Lewis
|
0-0: Fly out, F3 (Popup, 3SF, EV 74.4 MPH)
|
|
Batting: LHB Alexis Toxqui
|
0-0: Fly out, F8 (Flyball, 89M, EV 80.0 MPH)
|
|
Batting: LHB Darby Starburster
|
0-0: Called Strike 0-1: Ball 1-1: Ball 2-1: Foul Ball, location: 2F 2-2: Foul Ball, location: 2F 2-2: Ground out U3 (Groundball, 34S, EV 81.2 MPH)
|
| Top of the 5th over - 0 runs, 0 hits, 0 errors, 0 left on base; Brockton 0 - Chester 3 |
| BOTTOM OF THE 5TH |
|
Chester Pirates batting - Pitching for Brockton Rox : RHP Nate Rollyson
|
|
Pitching: LHP Jamie Corbin
|
|
|
Batting: RHB Mike Weeks
|
0-0: Foul Ball, location: 2F 0-1: Foul Ball, location: 2F 0-2: Ball 1-2: Ball 2-2: Ball 3-2: Foul Ball, location: 2F 3-2: Fly out, F8 (Line Drive, 8LD, EV 91.2 MPH)
|
|
Batting: RHB Edwardo Tanchez
|
0-0: Ball 1-0: Ball 2-0: Ball 3-0: Base on Balls
|
|
Batting: RHB Zach Chmieleski
|
0-0: Called Strike 0-1: Foul Ball, location: 2F 0-2: Ball 1-2: Foul Ball, location: 2F 1-2: Ball 2-2: Foul Ball, location: 2F 2-2: Foul Ball, location: 2F 2-2: Ball 3-2: DOUBLE (Line Drive, 78XD, EV 107.5 MPH) Edwardo Tanchez to third Edwardo Tanchez scores
|
|
Batting: SHB Mike Corley
|
0-0: Ball Wild Pitch! Zach Chmieleski to third 1-0: Foul Ball, location: 2F 1-1: Ball 2-1: Foul Ball, location: 2F 2-2: Ball 3-2: SINGLE (Groundball, 56D, EV 96.2 MPH) Zach Chmieleski scores
|
|
Batting: SHB Nathan Clement
|
0-0: Called Strike 0-1: Called Strike 0-2: Fly out, F4 (Popup, 34D, EV 50.0 MPH)
|
|
Batting: RHB Ryan Thurston
|
0-0: Called Strike 0-1: Ball 1-1: Swinging Strike 1-2: Ball 2-2: Strikes out swinging
|
| Bottom of the 5th over - 2 runs, 2 hits, 0 errors, 1 left on base; Brockton 0 - Chester 5 |
| TOP OF THE 6TH |
|
Brockton Rox batting - Pitching for Chester Pirates : RHP Andy Pemberton
|
|
Batting: RHB Ryan Davis
|
0-0: Ball 1-0: Fly out, F8 (Line Drive, 89M, EV 95.0 MPH)
|
|
Batting: LHB Eric Gaugler
|
0-0: Ball 1-0: Ball 2-0: Ball 3-0: Called Strike 3-1: Base on Balls
|
|
Pitching: RHP Yong-taek Hoang
|
|
|
Batting: RHB Bob Reichley
|
0-0: Ball 1-0: Ball 2-0: Called Strike 2-1: Swinging Strike 2-2: Strikes out looking
|
|
Batting: RHB Jose Blocker
|
0-0: Ball Wild Pitch! Eric Gaugler to second 1-0: Ball 2-0: Ball 3-0: Base on Balls
|
|
Batting: LHB Kenny Jackson
|
0-0: Called Strike 0-1: Ball Wild Pitch! Eric Gaugler to third Jose Blocker to second 1-1: Swinging Strike 1-2: Ball 2-2: Strikes out looking
|
| Top of the 6th over - 0 runs, 0 hits, 0 errors, 2 left on base; Brockton 0 - Chester 5 |
| BOTTOM OF THE 6TH |
|
Chester Pirates batting - Pitching for Brockton Rox : LHP Jamie Corbin
|
|
Batting: RHB Jason Rhodes
|
0-0: Ball 1-0: Ground out 4-3 (Groundball, 4, EV 91.2 MPH)
|
|
Batting: LHB Tommie Benefield
|
0-0: Called Strike 0-1: Ball 1-1: Fly out, F9 (Flyball, 9LS, EV 88.8 MPH)
|
|
Batting: RHB Zachery Loomis
|
0-0: Ball 1-0: Ground out 6-3 (Groundball, 56D, EV 89.4 MPH)
|
| Bottom of the 6th over - 0 runs, 0 hits, 0 errors, 0 left on base; Brockton 0 - Chester 5 |
| TOP OF THE 7TH |
|
Brockton Rox batting - Pitching for Chester Pirates : RHP Yong-taek Hoang
|
|
Batting: SHB Mel Gonzalez
|
0-0: Ball 1-0: Ball 2-0: Foul Ball, location: 2F 2-1: Foul Ball, location: 2F 2-2: Ball 3-2: SINGLE (Line Drive, 78S, EV 104.4 MPH)
|
|
Batting: RHB Joe Lewis
|
0-0: Ball 1-0: Ball 2-0: Called Strike 2-1: Foul Ball, location: 2F 2-2: Ground out 5-3 (Groundball, 5S, EV 67.5 MPH) Mel Gonzalez to second
|
|
Batting: LHB Alexis Toxqui
|
0-0: Ball 1-0: Called Strike 1-1: Called Strike 1-2: Strikes out swinging
|
|
Batting: LHB Darby Starburster
|
0-0: Called Strike 0-1: Ball 1-1: Ball 2-1: Swinging Strike 2-2: Foul Ball, location: 2F 2-2: Strikes out swinging
|
| Top of the 7th over - 0 runs, 1 hit, 0 errors, 1 left on base; Brockton 0 - Chester 5 |
| BOTTOM OF THE 7TH |
|
Chester Pirates batting - Pitching for Brockton Rox : LHP Jamie Corbin
|
|
Batting: RHB Mike Weeks
|
0-0: Ball 1-0: Called Strike 1-1: Foul Ball, location: 2F 1-2: Foul Ball, location: 2F 1-2: Ball 2-2: Ball 3-2: Foul Ball, location: 2F 3-2: Ground out 4-3 (Groundball, 4, EV 109.4 MPH)
|
|
Batting: RHB Edwardo Tanchez
|
0-0: Swinging Strike 0-1: Ball 1-1: Foul Ball, location: 2F 1-2: Foul Ball, location: 2F 1-2: Foul Ball, location: 2F 1-2: Ball 2-2: Ball 3-2: Fly out, F8 (Flyball, 8LS, EV 78.8 MPH)
|
|
Batting: RHB Zach Chmieleski
|
0-0: Ball 1-0: Ball 2-0: Ball 3-0: Called Strike 3-1: Base on Balls
|
|
Pitching: RHP Carlos Salazar
|
|
|
Batting: SHB Mike Corley
|
0-0: Ball 1-0: Called Strike 1-1: Foul Ball, location: 2F 1-2: Foul Ball, location: 2F 1-2: Foul Ball, location: 2F 1-2: Strikes out swinging
|
| Bottom of the 7th over - 0 runs, 0 hits, 0 errors, 1 left on base; Brockton 0 - Chester 5 |
| TOP OF THE 8TH |
|
Brockton Rox batting - Pitching for Chester Pirates : RHP Yong-taek Hoang
|
|
Batting: RHB Ryan Davis
|
0-0: Fly out, F4 (Popup, 13, EV 76.9 MPH)
|
|
Batting: LHB Eric Gaugler
|
0-0: Swinging Strike 0-1: Hit by Pitch
|
|
Batting: RHB Bob Reichley
|
0-0: Ball 1-0: Ball 2-0: Ball 3-0: Base on Balls Eric Gaugler to second
|
|
Pinch Hitting: SHB Jose Santiago
|
0-0: Called Strike 0-1: Called Strike 0-2: Strikes out swinging
|
|
Pitching: RHP Justin Todorovich
|
|
|
Batting: LHB Kenny Jackson
|
0-0: Ball 1-0: Swinging Strike 1-1: Foul Ball, location: 2F 1-2: Ball 2-2: Foul Ball, location: 2F 2-2: Foul Ball, location: 2F 2-2: Ball 3-2: Foul Ball, location: 2F 3-2: Ground out U3 (Groundball, 13, EV 83.1 MPH)
|
| Top of the 8th over - 0 runs, 0 hits, 0 errors, 2 left on base; Brockton 0 - Chester 5 |
| BOTTOM OF THE 8TH |
|
Chester Pirates batting - Pitching for Brockton Rox : RHP Carlos Salazar
|
|
Now at 1B: Eric McClelland
|
|
|
Batting: SHB Nathan Clement
|
0-0: Ground out 4-3 (Groundball, 4, EV 105.6 MPH)
|
|
Batting: RHB Ryan Thurston
|
0-0: Ball 1-0: Called Strike 1-1: Swinging Strike 1-2: Foul Ball, location: 2F 1-2: Ball 2-2: Ball 3-2: Strikes out swinging
|
|
Batting: RHB Jason Rhodes
|
0-0: Foul Ball, location: 2F 0-1: Ball 1-1: Ground out 1-3 (Groundball, 13, EV 76.9 MPH)
|
| Bottom of the 8th over - 0 runs, 0 hits, 0 errors, 0 left on base; Brockton 0 - Chester 5 |
| TOP OF THE 9TH |
|
Brockton Rox batting - Pitching for Chester Pirates : RHP Justin Todorovich
|
|
Batting: SHB Mel Gonzalez
|
0-0: Ball 1-0: Swinging Strike 1-1: Swinging Strike 1-2: Ball 2-2: Ball 3-2: Foul Ball, location: 2F 3-2: Strikes out swinging
|
|
Batting: RHB Joe Lewis
|
0-0: SINGLE (Groundball, 56D, EV 108.1 MPH)
|
|
Pinch Hitting: RHB Wayne Whimster
|
0-0: Ball 1-0: Called Strike 1-1: Swinging Strike 1-2: Strikes out looking
|
|
Pinch Hitting: RHB Panam Palmer
|
0-0: Foul Ball, location: 2F 0-1: Foul Ball, location: 2F 0-2: Foul Ball, location: 2F 0-2: Ground out 4-3 (Groundball, 34, EV 90.6 MPH)
|
| Top of the 9th over - 0 runs, 1 hit, 0 errors, 1 left on base; Brockton 0 - Chester 5 |
|